Unix NetHack Version 5.0.0-0 post-release - last build May 31 2026 23:59:36 (970b52f25bf058293b47ddfd14a1e40e571c508c,branch:main).

Game began 2026-06-05 09:44:17, ended 2026-06-05 09:53:34.

FutureTim, lawful female human Valkyrie

 ----------                               ------------
 |........|                               |..<........#      -------
 |......{.|                               |......)...|#######......|
 |....>...|       -------                 |....{.....|## ### |>.....#
 |........|       |.....|                 |..........|##   ##......|##
 |.......r|       |....".#                ------.-----##     ------- #  ------
 ----.-----       |.....|#                      #    ###             ###|.)?%|
     ##           ....".|##                   ###      @               #|.=.+|
      #         # |.....| ##                  #        #               #|.%)[|
      ###     ####."..."-#####                #        #               #-.!/)|
        ###   # # -------    #                #        #                |..)+|
 ---------.-  ##             ##               #        ##   #           |.(![|
 |.........-####              ### ------------.-            #           ------
 |.........| ##                 # |...%.%%.%...|
 |..........##                  # |.......%....|
 -----------                    # |..%...%.%...|
                                ##...%%..%.....|
                                  |.%.%%.%....%|
                                  --------------

FutureTim the Skirmisher    St:18/01 Dx:9 Co:17 In:8 Wi:10 Ch:12  Lawful
Dlvl:4  $:72 HP:11(35) Pw:6(6) AC:10 Xp:3 T:1457 

Latest messages:
 You feel tough!
 You must have been leading a healthy life-style.
 You descend the stairs.
 The gnome lord drinks a cyan potion!
 The gnome lord seems more experienced.
 You hear crashing rock.
 The gnome lord shoots 2 crossbow bolts!
 You are hit by the 1st crossbow bolt.
 The 2nd crossbow bolt misses you.
 The gnome lord shoots 2 crossbow bolts!
 You are hit by the 1st crossbow bolt!
 You are hit by the 2nd crossbow bolt!
 You swap places with your kitten.
 You hit the gnome lord!
 The gnome lord swings his crossbow.
 The gnome lord hits!
 You miss the gnome lord.
 The gnome lord swings his crossbow.
 The gnome lord hits!
 You hit the gnome lord!
 The gnome lord swings his crossbow.
 The gnome lord hits!
 You climb up the stairs.
 You already found a monster.  Use 'm' prefix to force another search.
 You already found a monster.  Use 'm' prefix to force another search.
 You already found a monster.  Use 'm' prefix to force another search.
 You already found a monster.  Use 'm' prefix to force another search.
 You hit the wood nymph!
 The wood nymph disarms your +1 spear (weapon in right hand).
 She stole a +1 spear.
 The wood nymph vanishes!
 #quyit: unknown extended command.
 What do you want to wield? [- bi or ?*] b
 b - a +0 dagger (weapon in right hand).
 You have no secondary weapon readied.
 The wood nymph stole a slime mold.
 The wood nymph vanishes!
 You miss the iguana.
 You kill the iguana!
 The wood nymph pretends to be friendly.
 The wood nymph charms you.  You gladly start removing your helm.
 You can move again.
 The wood nymph steals a +0 orcish helm!
 The wood nymph vanishes!
 You hit the wood nymph!
 The wood nymph charms you.  You gladly hand over your shield.
 She stole a blessed +3 small shield.
 The wood nymph vanishes!
 Really quit without saving? [yn] (n) y
 Do you want your possessions identified? [ynq] (y) q

Inventory:
 Coins    ('$')
  $ - 72 gold pieces
 Weapons  (')')
  b - a +0 dagger (weapon in right hand)
  i - a +0 spear
 Comestibles  ('%')
  d - 2 uncursed food rations
  l - a cursed food ration
 Wands    ('/')
  k - a wand of secret door detection (0:14)

FutureTim the Valkyrie's attributes:

Background:
 You were a Skirmisher, a level 3 human Valkyrie.
 You were lawful, nominally on a mission for Tyr
 who was opposed by Odin (neutral) and Loki (chaotic).
 You were right-handed.
 You were in the Dungeons of Doom, on level 4.
 You entered the dungeon 1457 turns ago.
 You had 56 experience points, 24 more were needed to attain level 4.

Basics:
 You had 11 out of 35 hit points.
 You had all 6 energy points (spell power).
 Your armor class was 10.
 Your wallet contained 72 zorkmids.
 Autopickup was off.

Final Characteristics:
 Your strength was 18/01 (limit:18/100).
 Your dexterity was 9 (peak:10, limit:18).
 Your constitution was 17 (limit:18).
 Your intelligence was 8 (limit:18).
 Your wisdom was 10 (limit:18).
 Your charisma was 12 (limit:18).

Final Status:
 You weren't hungry.
 You were unencumbered.
 You were wielding a dagger.
 You had basic skill with dagger.
 You weren't wearing any armor.

Final Attributes:
 You were devoutly aligned.
 You were cold resistant.
 You were stealthy.
 You survived.

Miscellaneous:
 You didn't encounter any bones levels.
 Total elapsed playing time was 9 minutes and 17 seconds.

Major events:
 Turn
    1: FutureTim the lawful human Valkyrie entered the dungeon
 1189: attained the rank of Skirmisher (level 3)
 1411: entered the Gnomish Mines
 1457: quit

You didn't know any spells.

Skills:
 Fighting Skills
   bare handed combat [Unskilled]
   two weapon combat  [Unskilled]
   riding             [Unskilled]
 Weapon Skills
   dagger             [Basic]
   axe                [Unskilled]
   pick-axe           [Unskilled]
   short sword        [Unskilled]
   broadsword         [Unskilled]
   long sword         [Unskilled]
   two-handed sword   [Unskilled]
   saber              [Unskilled]
   hammer             [Unskilled]
   quarterstaff       [Unskilled]
   polearms           [Unskilled]
   spear              [Basic]
   trident            [Unskilled]
   lance              [Unskilled]
   sling              [Unskilled]
 Spellcasting Skills
   attack spells      [Unskilled]
   escape spells      [Unskilled]

Voluntary challenges:
 Character rerolling was not enabled.
 You were an atheist.
 You never genocided any monsters.
 You never polymorphed an object.
 You never changed form.
 You used no wishes.
Achievements:
 You entered a shop.
 You attained the rank of Skirmisher.
 You entered the Gnomish Mines.

 The Dungeons of Doom: levels 1 to 4
    Level 1:
       Some fountains.
    Level 2:
       A general store.
    Level 3:
    Level 4: <- You were here.
       A general store, some fountains, some trees.
       Stairs down to The Gnomish Mines.
 The Gnomish Mines:
    Level 5:


Vanquished creatures:
  2 iguanas
 an acid blob
  a giant rat
  a green mold
  7 jackals
  2 goblins
  2 sewer rats
  4 grid bugs
  a bat
  a lichen
  4 newts
26 creatures vanquished.

No species were genocided or became extinct.

Farvel FutureTim the Valkyrie...

You quit in The Dungeons of Doom on dungeon level 4 with 516 points,
and 72 pieces of gold, after 1457 moves.
You were level 3 with a maximum of 35 hit points when you quit.

